[ AOE2 MATCH · #505689452 ]
UnrankedBengalis vs Bohemians
Player's team · WIN
[ REPLAY ANALYSIS · EXTRACTED FROM THE RECORDED GAME ]
Feudal
10:31
Castle
14:19
Imperial
—
| APM avg | 61.1 |
| APM peak | 101 |
| eAPM avg | 18.9 |
| Villagers / military | 41 / 23 |
Focus
⚔️ 28.0% · 🌾 72.0%
Ratha (Ranged) ×20 · Monk ×3
Feudal
13:57
Castle
17:29
Imperial
—
| APM avg | 60.3 |
| APM peak | 117 |
| eAPM avg | 27.0 |
| Villagers / military | 41 / 20 |
Focus
⚔️ 30.5% · 🌾 69.5%
Monk ×15 · Militia ×3 · Scorpion ×2
Match map
Initial resources + every placement click. Lines = walls · curves = elevation contours. ◆ gold · ⬟ stone · ● berries · ✦ relic · ◌ wall gap
Your base· Open — unwalled flank
[Nors] ImSimon's base· Open — unwalled flank
Smoothed initial terrain · ◌ = detected wall gap · hover for details
Inputs per minute
— Tom Tucker - - [Nors] ImSimon
Build order — Tom Tucker
103 actions detected in the replay
| 0:00 | Create | Villager (Male) |
| 0:01 | Create | Villager (Male) |
| 0:02 | Build | House |
| 0:03 | Build | House |
| 0:09 | Create | Villager (Male) |
| 0:10 | Create | Villager (Male) |
| 1:24 | Create | Villager (Male) |
| 1:24 | Create | Villager (Male) |
| 1:45 | Build | Lumber Camp |
| 1:48 | Create | Villager (Male) |
| 2:20 | Create | Villager (Male) |
| 2:49 | Create | Villager (Male) |
| 3:02 | Create | Villager (Male) |
| 3:33 | Build | House |
| 3:39 | Create | Villager (Male) |
| 3:39 | Create | Villager (Male) |
| 4:22 | Build | Mill |
| 4:33 | Create | Villager (Male) |
| 4:34 | Create | Villager (Male) |
| 5:10 | Create | Villager (Male) |
| 5:40 | Create | Villager (Male) |
| 5:42 | Build | House |
| 5:58 | Create | Villager (Male) |
| 6:06 | Create | Villager (Male) |
| 6:06 | Create | Villager (Male) |
| 6:11 | Create | Villager (Male) |
| 6:29 | Create | Villager (Male) |
| 6:40 | Create | Villager (Male) |
| 6:44 | Create | Villager (Male) |
| 6:44 | Create | Villager (Male) |
| 6:49 | Create | Villager (Male) |
| 6:51 | Build | Mining Camp |
| 7:23 | Create | Villager (Male) |
| 7:34 | Research | Loom |
| 8:14 | Research | Feudal Age |
| 8:21 | Build | Palisade Wall |
| 8:23 | Build | Palisade Wall |
| 8:24 | Build | Palisade Wall |
| 9:12 | Build | Palisade Gate |
| 9:15 | Build | House |
| 9:56 | Build | Palisade Wall |
| 9:57 | Build | Palisade Wall |
| 9:57 | Build | Palisade Wall |
| 9:58 | Build | Palisade Wall |
| 10:00 | Build | Palisade Wall |
| 10:01 | Build | Palisade Wall |
| 10:31 | Age | Feudal Age |
| 10:33 | Build | Market |
| 10:35 | Build | Blacksmith |
| 11:39 | Research | Castle Age |
| 12:40 | Create | Villager (Male) |
| 13:05 | Research | Double-Bit Axe |
| 13:20 | Create | Villager (Male) |
| 14:19 | Age | Castle Age |
| 14:24 | Build | Castle |
| 15:03 | Build | Mining Camp |
| 15:05 | Create | Villager (Male) |
| 15:10 | Create | Ratha (Ranged) |
| 15:17 | Build | Farm |
| 15:17 | Build | Farm |
| 15:18 | Build | Farm |
| 15:18 | Build | Farm |
| 15:25 | Build | Monastery |
| 15:56 | Create | Villager (Male) |
| 16:04 | Create | Ratha (Ranged) |
| 16:06 | Create | Monk |
| 16:36 | Create | Ratha (Ranged) |
| 16:37 | Create | Villager (Male) |
| 17:04 | Create | Monk |
| 17:11 | Create | Ratha (Ranged) |
| 17:34 | Create | Ratha (Ranged) |
| 17:35 | Create | Ratha (Ranged) |
| 18:04 | Create | Ratha (Ranged) |
| 18:05 | Create | Villager (Male) |
| 18:45 | Create | Ratha (Ranged) |
| 18:48 | Research | Fletching |
| 19:01 | Create | Ratha (Ranged) |
| 19:08 | Build | Farm |
| 19:10 | Create | Ratha (Ranged) |
| 19:31 | Create | Villager (Male) |
| 19:36 | Create | Monk |
| 19:40 | Create | Villager (Male) |
| 19:47 | Create | Ratha (Ranged) |
| 19:47 | Create | Ratha (Ranged) |
| 20:00 | Create | Villager (Male) |
| 20:14 | Build | House |
| 20:22 | Create | Ratha (Ranged) |
| 20:40 | Create | Ratha (Ranged) |
| 20:40 | Create | Villager (Male) |
| 20:54 | Create | Villager (Male) |
| 20:56 | Build | House |
| 20:57 | Build | House |
| 21:03 | Create | Ratha (Ranged) |
| 21:37 | Create | Ratha (Ranged) |
| 21:38 | Create | Villager (Male) |
| 22:12 | Create | Villager (Male) |
| 22:28 | Create | Ratha (Ranged) |
| 22:28 | Create | Ratha (Ranged) |
| 22:30 | Create | Villager (Male) |
| 22:49 | Build | Castle |
| 23:01 | Create | Ratha (Ranged) |
| 23:01 | Create | Ratha (Ranged) |
| 23:03 | Create | Villager (Male) |
Build order — [Nors] ImSimon
114 actions detected in the replay
| 0:00 | Create | Villager (Male) |
| 0:00 | Create | Villager (Male) |
| 0:01 | Create | Villager (Male) |
| 0:02 | Build | House |
| 0:02 | Build | House |
| 0:49 | Create | Villager (Male) |
| 1:26 | Create | Villager (Male) |
| 1:51 | Create | Villager (Male) |
| 1:58 | Build | Lumber Camp |
| 2:21 | Create | Villager (Male) |
| 2:43 | Create | Villager (Male) |
| 3:14 | Create | Villager (Male) |
| 3:37 | Create | Villager (Male) |
| 3:59 | Build | House |
| 4:05 | Create | Villager (Male) |
| 4:33 | Create | Villager (Male) |
| 4:37 | Build | Barracks |
| 4:51 | Create | Villager (Male) |
| 5:14 | Build | House |
| 5:19 | Create | Villager (Male) |
| 5:42 | Create | Villager (Male) |
| 5:53 | Create | Militia |
| 6:01 | Build | House |
| 6:15 | Create | Villager (Male) |
| 6:17 | Create | Militia |
| 6:28 | Create | Militia |
| 6:31 | Build | Mill |
| 6:41 | Create | Villager (Male) |
| 6:53 | Create | Villager (Male) |
| 7:19 | Create | Villager (Male) |
| 7:36 | Build | Mill |
| 7:58 | Create | Villager (Male) |
| 8:24 | Create | Villager (Male) |
| 8:42 | Build | Farm |
| 8:44 | Build | Farm |
| 8:50 | Create | Villager (Male) |
| 8:53 | Build | House |
| 9:08 | Build | Farm |
| 9:09 | Build | Farm |
| 9:10 | Create | Villager (Male) |
| 9:11 | Create | Villager (Male) |
| 9:26 | Build | Farm |
| 9:35 | Create | Villager (Male) |
| 10:30 | Build | House |
| 10:31 | Create | Villager (Male) |
| 10:40 | Build | Mining Camp |
| 10:42 | Create | Villager (Male) |
| 11:19 | Research | Loom |
| 11:47 | Research | Feudal Age |
| 12:08 | Build | Farm |
| 13:20 | Create | Villager (Male) |
| 13:55 | Create | Villager (Male) |
| 13:57 | Age | Feudal Age |
| 13:58 | Build | Market |
| 13:59 | Build | Blacksmith |
| 14:17 | Research | Double-Bit Axe |
| 14:34 | Research | Horse Collar |
| 14:43 | Build | Mining Camp |
| 14:49 | Research | Castle Age |
| 15:31 | Research | Town Watch |
| 15:37 | Research | Wheelbarrow |
| 16:14 | Build | Mining Camp |
| 16:41 | Build | Stone Wall |
| 16:57 | Build | Lumber Camp |
| 17:29 | Age | Castle Age |
| 17:33 | Build | Monastery |
| 17:34 | Build | Monastery |
| 17:38 | Build | Monastery |
| 18:00 | Create | Monk |
| 18:11 | Create | Monk |
| 18:11 | Create | Monk |
| 18:13 | Create | Villager (Male) |
| 18:16 | Build | House |
| 18:21 | Create | Monk |
| 18:24 | Research | Sanctity |
| 19:04 | Research | Atonement |
| 19:25 | Build | Mining Camp |
| 19:27 | Create | Villager (Male) |
| 19:33 | Create | Monk |
| 19:33 | Create | Monk |
| 19:34 | Create | Villager (Male) |
| 20:01 | Create | Villager (Male) |
| 20:24 | Create | Monk |
| 20:25 | Create | Monk |
| 20:35 | Create | Monk |
| 20:36 | Create | Villager (Male) |
| 20:45 | Create | Monk |
| 21:02 | Build | Farm |
| 21:06 | Create | Monk |
| 21:07 | Create | Villager (Male) |
| 21:10 | Build | Siege Workshop |
| 21:31 | Create | Villager (Male) |
| 21:43 | Build | Outpost |
| 21:48 | Create | Monk |
| 21:49 | Create | Monk |
| 21:49 | Create | Monk |
| 21:49 | Create | Villager (Male) |
| 21:50 | Create | Villager (Male) |
| 21:57 | Create | Scorpion |
| 21:57 | Create | Scorpion |
| 22:23 | Create | Monk |
| 22:25 | Build | House |
| 22:28 | Build | House |
| 22:30 | Create | Villager (Male) |
| 22:37 | Create | Villager (Male) |
| 22:38 | Build | Farm |
| 22:39 | Build | Farm |
| 22:40 | Build | Farm |
| 22:45 | Create | Villager (Male) |
| 22:50 | Build | Outpost |
| 23:04 | Build | Town Center |
| 23:07 | Build | Outpost |
| 23:08 | Build | Outpost |
| 23:13 | Build | Outpost |
Match timeline
| 4:37 | [Nors] ImSimon · first_building Barracks |
| 8:21 | Tom Tucker · wall_segment Palisade Wall x1 |
| 8:23 | Tom Tucker · wall_segment Palisade Wall x1 |
| 8:24 | Tom Tucker · wall_segment Palisade Wall x1 |
| 9:56 | Tom Tucker · wall_segment Palisade Wall x1 |
| 9:57 | Tom Tucker · wall_segment Palisade Wall x1 |
| 9:57 | Tom Tucker · wall_segment Palisade Wall x1 |
| 9:58 | Tom Tucker · wall_segment Palisade Wall x1 |
| 10:00 | Tom Tucker · wall_segment Palisade Wall x1 |
| 10:01 | Tom Tucker · wall_segment Palisade Wall x1 |
| 10:31 | Tom Tucker · age_up feudal |
| 11:38 | Tom Tucker · first_market_sell 100 stone |
| 13:57 | [Nors] ImSimon · age_up feudal |
| 14:19 | Tom Tucker · age_up castle |
| 14:24 | Tom Tucker · first_building Castle |
| 15:25 | Tom Tucker · first_building Monastery |
| 16:41 | [Nors] ImSimon · wall_segment Stone Wall x1 |
| 17:29 | [Nors] ImSimon · age_up castle |
| 17:33 | [Nors] ImSimon · first_building Monastery |
| 19:00 | [Nors] ImSimon · first_market_sell 500 stone |
| 21:10 | [Nors] ImSimon · first_building Siege Workshop |
| 22:59 | [Nors] ImSimon · first_market_buy 100 wood |
| 23:20 | [Nors] ImSimon · resign |
[ AI ANALYSIS · 1 CREDIT ]
What really happened in this match?
Wolo.gg analyzes every decision: build order, eco, micro, common mistakes by bracket. Personalized analysis on WhatsApp or Discord in 30 seconds.
Civ guide
Bengalis
Perfil
Jugador #6252402